 Dungeon Crawl Stone Soup version 0.27-a0-1312-g5cdb2b3542 (webtiles) character file.

Game seed: 2015945274305873486

113 Delamore the Shield-Bearer (level 5, 0/42 HPs)
             Began as a Formicid Fighter on June 20, 2021.
             Slain by a phantom (6 damage)
             ... on level 4 of the Dungeon.
             The game lasted 00:01:59 (1554 turns).

Delamore the Shield-Bearer (Formicid Fighter)       Turns: 1554, Time: 00:01:59

Health: 0/42       AC:  7    Str: 21    XL:     5   Next: 17%
Magic:  5/5        EV:  8    Int:  8    God:
Gold:   114        SH:  9    Dex: 10    Spells: 4/4 levels left

rFire    . . .     SeeInvis +   a - +0 trident
rCold    . . .     Faith    .   c - +0 kite shield
rNeg     . . .     Spirit   .   b - +0 scale mail
rPois    .         Reflect  .   (helmet unavailable)
rElec    .         Harm     .   (no cloak)
rCorr    .         Rampage  .   (no gloves)
Will     .....                  (no boots)
Stlth    ..........             (no amulet)
HPRegen  0.14/turn              (no ring)
MPRegen  0.09/turn              (no ring)

@: no status effects
A: permanent stasis, dig shafts and tunnels, antennae 3, four strong arms
a: Dig, Shaft Self


You were on level 4 of the Dungeon.
You visited 1 branch of the dungeon, and saw 3 of its levels.

You collected 114 gold pieces.

Inventory:

Hand Weapons
 a - a +0 trident (weapon)
Armour
 b - a +0 scale mail (worn)
 c - a +0 kite shield (worn)
Potions
 d - a potion of might
 e - a potion of ambrosia {unknown}
 f - a potion of mutation
 g - a potion of haste
 h - a potion of flight {unknown}
 i - a potion of heal wounds {unknown}
 j - a potion of curing {unknown}
 k - a potion of brilliance {unknown}


   Skills:
 + Level 3.9 Fighting
 + Level 3.6 Polearms
 + Level 3.7 Armour
 + Level 0.2 Dodging
 + Level 0.6 Stealth
 + Level 4.2 Shields


You had 4 spell levels left.
You didn't know any spells.
Your spell library was empty.

Dungeon Overview and Level Annotations

Branches:
Dungeon (2/15)

Altars:


Innate Abilities, Weirdness & Mutations

You cannot be hasted, slowed, berserked, paralysed or teleported.
You can dig through walls and to a lower floor.
You have a pair of large antennae on your head. (SInv)
Your four strong arms can wield two-handed weapons with a shield.


Message History

The phantom is moderately damaged.
The phantom hits you but does no damage.
You block the phantom's attack.
You closely miss the phantom.
The phantom is moderately damaged.
The phantom closely misses you.
You closely miss the phantom.
The phantom is moderately damaged.
The phantom hits you!
You are too injured to fight recklessly!
You are too injured to fight recklessly!
You are too injured to fight recklessly!
You are too injured to fight recklessly!
You are too injured to fight recklessly!
You are too injured to fight recklessly!
You puncture the phantom!
The phantom is heavily damaged.
You block the phantom's attack.
The phantom hits you but does no damage.
You are too injured to fight recklessly!
You puncture the phantom!
The phantom is almost destroyed.
You block the phantom's attack.
You hit the phantom.
The phantom is almost destroyed.
The phantom hits you.
You completely miss the phantom.
The phantom is almost destroyed.
The phantom hits you but does no damage.
You closely miss the phantom.
The phantom is almost destroyed.
The phantom hits you.
* * * LOW HITPOINT WARNING * * *
The phantom hits you.
* * * LOW HITPOINT WARNING * * *
You closely miss the phantom.
The phantom is almost destroyed.
You hear the slow rusting of a distant drain.
The phantom hits you.
You die...

...#... .... ....... .....
....#.. ..... #?.....
...... #...... ......
#......##......
......W........ #.###@.# ..
### #..##..####..###.....
#...##.....###.#.........#
#........................#.
..#.......#......##.......
##...####...........##.#
#..................##..
#................# #..
#......##........## #..


You could see a phantom.

Vanquished Creatures
  A phantom (D:4)
  An ufetubus (D:4)
  2 dart slugs (D:1)
  An orc (D:2)
  4 endoplasms
  A giant cockroach (D:1)
  4 goblins
  3 hobgoblins
  A ball python (D:2)
  A bat (D:1)
  3 frilled lizards
  5 kobolds
  3 rats
30 creatures vanquished.

Notes
Turn   | Place    | Note
-------+----------+-------------------------------------------
     0 | D:1      | Delamore the Formicid Fighter began the quest for the Orb.
     0 | D:1      | Reached XP level 1. HP: 18/18 MP: 1/1
   167 | D:1      | Reached XP level 2. HP: 18/24 MP: 2/2
   877 | D:1      | Reached XP level 3. HP: 29/29 MP: 3/3
   886 | D:1      | Reached skill level 4 in Shields
  1412 | D:2      | Found a faded altar of an unknown god.
  1416 | D:2      | You fall into a shaft and drop 2 floors!
  1445 | D:4      | Noticed a phantom
  1460 | D:4      | Killed a phantom
  1461 | D:4      | Reached XP level 4. HP: 19/37 MP: 4/4
  1461 | D:4      | Reached XP level 5. HP: 21/42 MP: 5/5
  1527 | D:4      | Noticed a phantom
  1554 | D:4      | Slain by a phantom

Illustrated notes

Levels and vault maps discovered:
D:1:      heliophobic_arrival_dark_side_of_the_moon, layout_basic,
          nrook_loot_triangle, hex_large
D:2:      layout_loops_ring, hellmonk_ecumenical_altar_arch_garden,
          minmay_unequal
D:4:      layout_cave_pools, nicolae_overflow_hidden_temple,
          gup_sewer_entry_bowl, saegor_snake_ambush

Skill      XL: |  1  2  3 |
---------------+----------+-----
Shields        | 4 |  4.2
Polearms       | 3 |  3.6
Fighting       | |  3.9
Armour         | |  3.7
Dodging        | |  0.2
Stealth        | |  0.6

Action                   |  1- 3 |  4- 6 || total
-------------------------+-------+-------++-------
Melee: Trident           |    85 |    27 ||   112
 Abil: Dig               |     1 |       ||     1
  Use: Scroll            |     3 |       ||     3
 Stab: Distracted        |     1 |       ||     1
Armor: Scale mail        |    20 |     9 ||    29
Dodge: Dodged            |    22 |     7 ||    29
Block: Kite shield       |    23 |    10 ||    33

Table legend: (Time is in decaauts)
 A = Elapsed time spent in this place.
 B = Non-inter-level travel time spent in this place.
 C = Inter-level travel time spent in this place.
 D = Time resting spent in this place.
 E = Time spent auto-exploring this place.
 F = Levels seen in this place.
 G = Mean time per level.
                   A        B        C        D        E       F      G
               +--------+--------+--------+--------+--------+-----+--------+
         Total |   1591 |   1553 |     38 |    188 |   1094 |   3 |  530.3 |
       Dungeon |   1591 |   1553 |     38 |    188 |   1094 |   3 |  530.3 |
               +--------+--------+--------+--------+--------+-----+--------+

Top non-repeatable levels by time:
     D:1: 1295 daAuts
     D:4: 151 daAuts
     D:2: 144 daAuts
